 Dungeon Crawl Stone Soup version 0.27.1-33-g824d729ab1 (webtiles) character file.

Game seed: 5087857888502863929

25 demibob the Slasher (level 2, -2/26 HPs)
             Began as a Minotaur Chaos Knight on Nov 26, 2021.
             Was a Plaything of Xom.
             Succumbed to Jessica's foul vapour
             ... on level 1 of the Dungeon.
             The game lasted 00:02:42 (987 turns).

demibob the Slasher (Minotaur Chaos Knight)          Turns: 987, Time: 00:02:43

Health: -2/26      AC:  5    Str: 16    XL:     2   Next: 82%
Magic:  1/1        EV: 11    Int:  9    God:    Xom [..*...]
Gold:   49         SH:  4    Dex:  9    Spells: 1/1 levels left

rFire    . . .     SeeInvis .   a - +0 falchion (chaos)
rCold    . . .     Faith    .   (no shield)
rNeg     . . .     Spirit   .   b - +2 leather armour
rPois    .         Reflect  .   (helmet unavailable)
rElec    .         Harm     .   (no cloak)
rCorr    .         Rampage  .   (no gloves)
Will     ++...     Clarity  +   (no boots)
Stlth    +.........             (no amulet)
HPRegen  1.08/turn              (no ring)
MPRegen  0.07/turn              (no ring)

@: lethally poisoned (-2 -> -24), slowed, very slow
A: horns 3, retaliatory headbutt, large bone plates 1, clarity, strong-willed 2,
regeneration 1, screaming 1, MP-powered wands
a: Renounce Religion


You were on level 1 of the Dungeon.
You worshipped Xom.
You were a toy of Xom.
You visited 1 branch of the dungeon, and saw 2 of its levels.

You collected 49 gold pieces.


Innate Abilities, Weirdness & Mutations

You have a pair of large horns on your head.
You reflexively headbutt those who attack you in melee.
You are partially covered in large bone plates. (SH +4)
You possess an exceptional clarity of mind.
You are highly strong-willed. (Will++)
Your natural rate of healing is unusually fast.
You occasionally shout uncontrollably at your foes.
You expend magic power (3 MP) to strengthen your wands.


   Skills:
 - Level 3.6 Fighting
 + Level 5.0 Long Blades
 - Level 2.4 Armour
 - Level 1.1 Dodging


You had one spell level left.
You didn't know any spells.
Your spell library was empty.

Inventory:

Hand Weapons
 a - a +0 falchion of chaos (weapon)
Armour
 b - a +2 leather armour (worn)
Potions
 d - a potion of heal wounds {unknown}
 e - a potion of degeneration {unknown}

Dungeon Overview and Level Annotations

Branches:
Dungeon (2/15)

Altars:

Annotations:
D:2 Jessica

## #.# #..♣...P..PP♣.# .#
##.###..♣..PP..PP♣.# .#
#...##...♣♣♣♣♣♣♣♣♣.# .#
###...#..............# .#
#........######.##.### .#
#........# #....# .#
#.......### ####.# .#
##........# ######.#
############....@...###......#
.............#...r......######
###############.....#####
..........## #.....#
######.....######.###
#............# #....)########
##>..## #####


You could see a rat.


Message History

Jessica appears out of thin air!
Reactivating autopickup.
You aren't carrying any items that you can evoke.
Unknown command.
You hit Jessica but do no damage. You hit Jessica but do no damage.
Jessica tramples you!
You emit a cloud of colourful smoke!
You stumble backwards!
The rat closely misses you. You furiously retaliate!
You headbutt the rat!
You kill the rat!
Xom grants you insight.
You detect creatures!
A rat comes into view. "See what I see, my child!"
You feel aware of your surroundings.
Jessica the elephant changes into a death drake!
The rat bites you but does no damage.
There is a stone staircase leading up here.
The rat barely misses you. Jessica breathes miasma at you.
The foul vapour engulfs you!
You are poisoned.
You feel yourself slow down.
Ouch! That really hurt!
* * * LOW HITPOINT WARNING * * *
A shower of butterflies erupts from you!
You climb upwards.
Your summoned ally is left behind.
Ouch! That really hurt!
You die...
Xom thinks this is hilarious!

Skill      XL: |  1  2 |
---------------+-------+-----
Long Blades    | 4 5 |  5.0
Fighting       | |  3.6
Armour         | |  2.4
Dodging        | |  1.1

Action                   || total
-------------------------++-------
Melee: Falchion          ||    51
       Headbutt          ||     6
  Use: Scroll            ||     3
 Stab: Paralysed         ||     1
Armor: Leather armour    ||    14
Dodge: Dodged            ||    21
Block: Other             ||     1
       Rpst.: Falchion   ||     5

Levels and vault maps discovered:
D:1:      scummos_arrival_checkerplants, layout_loops_ring,
          minmay_tree_intersection
D:2:      layout_basic, minmay_puff, uniq_jessica, uniq_natasha, uniq_sigmund

Notes
Turn   | Place    | Note
-------+----------+-------------------------------------------
     0 | D:1      | demibob the Minotaur Chaos Knight began the quest for the
                  | Orb.
     0 | D:1      | Reached XP level 1. HP: 19/19 MP: 0/0
    83 | D:1      | XOM: silly message
   150 | D:1      | Reached skill level 4 in Long Blades
   167 | D:1      | XOM: cleaving
   172 | D:1      | Reached XP level 2. HP: 22/26 MP: 1/1
   401 | D:1      | XOM: give mutations
   401 | D:1      | Gained mutation: You are strong-willed. (Will+) [Xom's
                  | grace]
   401 | D:1      | Gained mutation: You have a pair of large horns on your
                  | head. [Xom's grace]
   401 | D:1      | Gained mutation: You are partially covered in large bone
                  | plates. (SH +4) [Xom's grace]
   428 | D:1      | XOM: divination: detect items
   601 | D:1      | XOM: summons 1 hostile shadow creature
   771 | D:1      | XOM: give mutations
   771 | D:1      | Gained mutation: You expend magic power (3 MP) to
                  | strengthen your wands. [Xom's grace]
   771 | D:1      | Gained mutation: Your natural rate of healing is unusually
                  | fast. [Xom's grace]
   771 | D:1      | Gained mutation: You possess an exceptional clarity of
                  | mind. [Xom's grace]
   771 | D:1      | Gained mutation: You are highly strong-willed. (Will++)
                  | [Xom's grace]
   940 | D:2      | XOM: polymorph giant cockroach -> jackal
   946 | D:2      | Noticed Jessica
   956 | D:2      | Reached skill level 5 in Long Blades
   961 | D:2      | XOM: noise
   969 | D:2      | Noticed Jessica
   969 | D:2      | Jessica changed into Jessica the glowing shapeshifter
   969 | D:2      | Noticed Jessica
   969 | D:2      | Jessica the glowing shapeshifter changed into Jessica the
                  | shining eye
   973 | D:2      | Gained mutation: You occasionally shout uncontrollably at
                  | your foes. [Jessica]
   975 | D:2      | Noticed Jessica
   977 | D:2      | XOM: smoke on damage
   980 | D:2      | XOM: divination: detect creatures
   984 | D:2      | XOM: divination: magic mapping
   984 | D:2      | Noticed Jessica
   984 | D:2      | Jessica the elephant changed into Jessica the death drake
   986 | D:2      | XOM: butterfly on damage
   987 | D:1      | Succumbed to Jessica's foul vapour

Vanquished Creatures
  A ball python (D:1)
  2 endoplasms (D:1)
  A giant cockroach (D:1)
  5 goblins
  4 hobgoblins
  A jackal (D:2)
  3 bats (D:1)
  A kobold (D:1)
  3 rats
21 creatures vanquished.

Table legend: (Time is in decaauts)
 A = Elapsed time spent in this place.
 B = Non-inter-level travel time spent in this place.
 C = Inter-level travel time spent in this place.
 D = Time resting spent in this place.
 E = Time spent auto-exploring this place.
 F = Levels seen in this place.
 G = Mean time per level.
                   A        B        C        D        E       F      G
               +--------+--------+--------+--------+--------+-----+--------+
         Total |    990 |    954 |     36 |    100 |    701 |   2 |  495.0 |
       Dungeon |    990 |    954 |     36 |    100 |    701 |   2 |  495.0 |
               +--------+--------+--------+--------+--------+-----+--------+

Top non-repeatable levels by time:
     D:1: 940 daAuts
     D:2: 50 daAuts

Table legend:
 A = Non-vault XP
 B = Vault XP
 C = Vault XP percentage of total XP
 D = Non-vault monster count
 E = Vault monster count
 F = Vault count percentage of total count
                 A         B        C        D         E       F
            +---------+---------+-------+---------+---------+-------
      Total |      36 |       0 |   0.0 |      21 |       0 |   0.0
            +---------+---------+-------+---------+---------+-------
        D:1 |      26 |       0 |   0.0 |      15 |       0 |   0.0
        D:2 |      10 |       0 |   0.0 |       6 |       0 |   0.0
            +---------+---------+-------+---------+---------+-------
